AoeStats
← Gregory176144

Arena

510244186Analyzed
1v1 RM · 2d ago on Sep 30, 2026· 38m 51s· 2 players
Game mode
Random Map
Map size
Tiny (2 player)
Population
200
Speed
Normal
Resources
Standard
Victory
Conquest
Starting age
Dark Age
Ending age
Imperial Age
RankedLock teamsTeams togetherTeam positionsShared explorationLock speedFull tech treeHidden civsTurbo modeCheats
Victory
Defeat
🇦🇷 Burgundians · Argentina
1333
+19
🇲🇽 Aztecs · Mexico
1328
-16
Echidna
10:02 Feudal Age
14:04 Castle Age
12:36 Forging
12:32 Double-Bit Axe
15:11 Squires
15:59 Sanctity
16:09 Fervor
18:16 Gold Mining
29:58 Imperial Age
28:27 Stone Mining
29:57 Loom
30:27 Redemption
31:05 Block Printing
31:18 Illumination
31:34 Fletching
32:25 Theocracy
33:33 Bow Saw
35:09 Bodkin Arrow
38:00 Bracer
Gregory176144
5:23 Double-Bit Axe
10:45 Feudal Age
9:20 Horse Collar
11:50 Wheelbarrow
14:45 Castle Age
13:17 Gold Mining
14:14 Bow Saw
22:51 Gold Shaft Mining
23:39 Stone Mining
24:58 Stone Shaft Mining
24:52 Fletching
25:06 Loom
26:35 Bodkin Arrow
26:40 Guard Tower
27:16 Scale Mail Armor
29:58 Two-Man Saw
29:42 Hand Cart
29:13 Town Watch
33:01 Imperial Age
34:42 Chemistry
33:24 Treadmill Crane
33:46 Padded Archer Armor
34:09 Treadmill Crane
Connection lost

Rejoining the realm…

Still unreachable

The connection could not be restored.

Session expired

The server has moved on; the page needs a fresh start.